[Event "elllobregat Open-A 2019"]
[Site "El Prat de Llobregat"]
[Date "2019.12.08"]
[Round "6.2"]
[White "Erigaisi Arjun"]
[Black "Puranik, Abhimanyu"]
[Result "1/2-1/2"]
[ECO "D85"]
[WhiteElo "2544"]
[BlackElo "2580"]
[Annotator "ChessBase"]
[PlyCount "105"]
[EventDate "2019.12.03"]
[EventType "swiss"]
[EventCountry "ESP"]
[SourceTitle "playchess.com"]
[Source "ChessBase"]
[SourceQuality "1"]
[TimeControl "40/5400+30:1800+30"]

1. Nf3 Nf6 2. d4 g6 3. c4 Bg7 4. Nc3 d5 5. cxd5 Nxd5 6. e4 Nxc3 7. bxc3 c5 8. Be3 Qa5 9. Qd2 O-O 10. Rc1 Nd7 11. d5 Rd8 12. c4 Qxd2+ 13. Kxd2 b6 14. Bd3 e6 15. Rhd1 Ba6 16. a4 Nf6 17. Ke2 Re8 18. Kf1 exd5 19. exd5 Bc8 20. Re1 Bg4 21. Nd2 Bd7 22. Bc2 Ng4 23. Bf4 Bd4 24. Ne4 Bf5 25. f3 Bxe4 26. Bxe4 g5 27. fxg4 gxf4 28. Bf5 Be5 29. Bd7 Re7 30. Bc6 Rd8 31. Rc2 Bd6 32. Rxe7 Bxe7 33. a5 Bd6 34. axb6 axb6 35. Ra2 Kg7 36. Ra7 Kf6 37. Ke2 h6 38. h4 Be5 39. Kf3 Bd6 40. Ke4 Rg8 41. Bd7 Rd8 42. Bc6 Rc8 43. g5+ hxg5 44. hxg5+ Kxg5 45. Rxf7 Rc7 46. Rf5+ Kg6 47. Be8+ Kg7 48. Rg5+ Kf8 49. Rg6 Re7+ 50. Kf5 Re5+ 51. Kg4 Ke7 52. Bb5 Re3 53. Kf5 1/2-1/2

[Event "elllobregat Open-A 2019"]
[Site "El Prat de Llobregat"]
[Date "2019.12.08"]
[Round "6.3"]
[White "Zanan, Evgeny"]
[Black "Raja Rithvik R"]
[Result "1/2-1/2"]
[ECO "B90"]
[WhiteElo "2493"]
[BlackElo "2381"]
[Annotator "ChessBase"]
[PlyCount "91"]
[EventDate "2019.12.03"]
[EventType "swiss"]
[EventCountry "ESP"]
[SourceTitle "playchess.com"]
[Source "ChessBase"]
[SourceQuality "1"]
[TimeControl "40/5400+30:1800+30"]

1. e4 c5 2. Nf3 d6 3. d4 cxd4 4. Nxd4 Nf6 5. Nc3 a6 6. Bd3 e5 7. Nde2 Be7 8. O-O O-O 9. Ng3 Be6 10. Nd5 Nbd7 11. c4 Rc8 12. h3 Nc5 13. Bc2 b5 14. cxb5 axb5 15. f4 Ncd7 16. Nxe7+ Qxe7 17. Rf2 exf4 18. Bxf4 Rc6 19. Qd4 Ne5 20. Bg5 Qc7 21. Bxf6 Rxc2 22. Rxc2 Qxc2 23. Bxe5 dxe5 24. Qxe5 Qc6 25. a3 Rd8 26. Rf1 f6 27. Qf4 Qc2 28. Rf2 Qc5 29. Kh2 Rd1 30. Rf1 Qd6 31. Qxd6 Rxd6 32. Rf2 Rd3 33. Rc2 Rb3 34. Ne2 Bc4 35. Nc3 Kf7 36. a4 bxa4 37. Nxa4 Rb4 38. Nc5 Ke7 39. Rd2 Bb5 40. b3 Bc6 41. Rd3 Rb5 42. Rc3 Kd6 43. Ne6 Bxe4 44. Nxg7 Bg6 45. Rf3 Ke5 46. g4 1/2-1/2

[Event "elllobregat Open-A 2019"]
[Site "El Prat de Llobregat"]
[Date "2019.12.08"]
[Round "6.4"]
[White "Raja Harshit"]
[Black "Gagare, Shardul"]
[Result "1/2-1/2"]
[ECO "C07"]
[WhiteElo "2447"]
[BlackElo "2468"]
[Annotator "ChessBase"]
[PlyCount "78"]
[EventDate "2019.12.03"]
[EventType "swiss"]
[EventCountry "ESP"]
[SourceTitle "playchess.com"]
[Source "ChessBase"]
[SourceQuality "1"]
[TimeControl "40/5400+30:1800+30"]

1. e4 e6 2. d4 d5 3. Nd2 c5 4. exd5 Qxd5 5. Ngf3 cxd4 6. Bc4 Qd7 7. O-O Nc6 8. Nb3 a6 9. Nbxd4 Nxd4 10. Nxd4 Qc7 11. Bd3 Bd6 12. h3 Ne7 13. Re1 O-O 14. Qh5 Ng6 15. Nf3 Qc5 16. Qg4 f5 17. Qc4 b5 18. Qxc5 Bxc5 19. Be3 Bxe3 20. Rxe3 Nf4 21. Bf1 Bb7 22. c4 bxc4 23. Bxc4 Rf6 24. Kh2 Bd5 25. Bxd5 Nxd5 26. Re2 Rc8 27. Rae1 h6 28. Rxe6 Rxe6 29. Rxe6 Rc2 30. Kg1 Rxb2 31. Rxa6 Rb1+ 32. Kh2 Rb2 33. Ra5 Nc3 34. Rxf5 Rxa2 35. Ne5 Ne4 36. Nd3 Rd2 37. Rf3 Rd1 38. Nb2 Rf1 39. Nd3 Nd2 1/2-1/2

[Event "elllobregat Open-A 2019"]
[Site "El Prat de Llobregat"]
[Date "2019.12.08"]
[Round "6.5"]
[White "Karthik Venkataraman"]
[Black "Lagarde, Maxime"]
[Result "1-0"]
[ECO "B90"]
[WhiteElo "2470"]
[BlackElo "2655"]
[Annotator "ChessBase"]
[PlyCount "59"]
[EventDate "2019.12.03"]
[EventType "swiss"]
[EventCountry "ESP"]
[SourceTitle "playchess.com"]
[Source "ChessBase"]
[SourceQuality "1"]
[TimeControl "40/5400+30:1800+30"]

1. e4 c5 2. Nf3 d6 3. d4 cxd4 4. Nxd4 Nf6 5. Nc3 a6 6. Bc4 Nbd7 7. Be3 Qc7 8. Bb3 Nb6 9. Qe2 e5 10. Nf5 Be6 11. Bg5 Nbd7 12. O-O-O h6 13. Bh4 Rc8 14. Kb1 b5 15. Ne3 Be7 16. Ncd5 Bxd5 17. Bxd5 Nb6 18. Bxf6 Bxf6 19. Bb3 g6 20. h4 h5 21. Qf3 Qe7 22. g4 Rc6 23. gxh5 Rxh5 24. Nf5 Rxf5 25. exf5 e4 26. Qf4 Nc4 27. fxg6 Nxb2 28. gxf7+ Kd8 29. Rdg1 Na4 30. Bxa4 1-0

[Event "elllobregat Open-A 2019"]
[Site "El Prat de Llobregat"]
[Date "2019.12.08"]
[Round "6.6"]
[White "Bartel, Mateusz"]
[Black "Movsziszian, Karen"]
[Result "1-0"]
[ECO "B06"]
[WhiteElo "2634"]
[BlackElo "2476"]
[Annotator "ChessBase"]
[PlyCount "51"]
[EventDate "2019.12.03"]
[EventType "swiss"]
[EventCountry "ESP"]
[SourceTitle "playchess.com"]
[Source "ChessBase"]
[SourceQuality "1"]
[TimeControl "40/5400+30:1800+30"]

1. e4 g6 2. d4 Bg7 3. Nc3 d6 4. Be3 a6 5. Qd2 Nd7 6. h4 h5 7. Nh3 Ngf6 8. f3 b5 9. a4 b4 10. Ne2 c5 11. dxc5 Nxc5 12. Qxb4 Bxh3 13. Rxh3 Rb8 14. Qd2 Nfd7 15. Bd4 Bxd4 16. Nxd4 Qb6 17. b3 Nf6 18. a5 Qb7 19. Bc4 e6 20. Rd1 O-O 21. Qf4 Kg7 22. Qxd6 Qb4+ 23. Ke2 Rfd8 24. Qe5 Na4 25. Nxe6+ fxe6 26. Qc7+ 1-0

[Event "elllobregat Open-A 2019"]
[Site "El Prat de Llobregat"]
[Date "2019.12.08"]
[Round "6.8"]
[White "Sosa, Tomas"]
[Black "Kobo, Ori"]
[Result "1/2-1/2"]
[ECO "B40"]
[WhiteElo "2520"]
[BlackElo "2457"]
[Annotator "ChessBase"]
[PlyCount "62"]
[EventDate "2019.12.03"]
[EventType "swiss"]
[EventCountry "ESP"]
[SourceTitle "playchess.com"]
[Source "ChessBase"]
[SourceQuality "1"]
[TimeControl "40/5400+30:1800+30"]

1. e4 c5 2. Nf3 e6 3. c3 Nf6 4. e5 Nd5 5. g3 Nc6 6. Bg2 d6 7. exd6 Bxd6 8. O-O O-O 9. d4 cxd4 10. Nxd4 Bd7 11. Nxe6 fxe6 12. c4 Nf4 13. gxf4 Bxf4 14. Nc3 Ne5 15. Qh5 Bxc1 16. Raxc1 Rf5 17. Qe2 Qh4 18. f4 Ng4 19. Bxb7 Raf8 20. Rcd1 Be8 21. Rd2 e5 22. Bc8 Rxf4 23. Be6+ Kh8 24. Rxf4 Rxf4 25. Nd5 Rf2 26. Qxf2 Nxf2 27. Rxf2 Qg5+ 28. Kf1 Qc1+ 29. Kg2 Qg5+ 30. Kf1 Qc1+ 31. Kg2 Qg5+ 1/2-1/2

[Event "elllobregat Open-A 2019"]
[Site "El Prat de Llobregat"]
[Date "2019.12.08"]
[Round "6.10"]
[White "Arizmendi Martinez, Julen Luis"]
[Black "Kjartansson, Gudmundur"]
[Result "0-1"]
[ECO "D47"]
[WhiteElo "2511"]
[BlackElo "2448"]
[Annotator "ChessBase"]
[PlyCount "76"]
[EventDate "2019.12.03"]
[EventType "swiss"]
[EventCountry "ESP"]
[SourceTitle "playchess.com"]
[Source "ChessBase"]
[SourceQuality "1"]
[TimeControl "40/5400+30:1800+30"]

1. d4 d5 2. c4 e6 3. Nf3 Nf6 4. Nc3 c6 5. e3 Nbd7 6. Bd3 dxc4 7. Bxc4 b5 8. Bd3 Bb7 9. e4 b4 10. Na4 c5 11. e5 Nd5 12. O-O cxd4 13. Re1 Be7 14. Nxd4 O-O 15. Qg4 Re8 16. Bb5 Kh8 17. Nc6 Qc7 18. Nxe7 Rxe7 19. Qe2 a6 20. Bxd7 Rxd7 21. Qg4 Qc6 22. b3 Nc3 23. Be3 Nxa4 24. bxa4 a5 25. Rec1 Qxa4 26. a3 Rc8 27. Rcb1 Qb5 28. axb4 a4 29. Bc5 Bd5 30. Rd1 Bb3 31. Rd6 Rb7 32. h3 h6 33. Qd4 Bd5 34. Ra3 Bb3 35. Qe4 Rbb8 36. Qf3 Rxc5 37. bxc5 Qxc5 38. Rxb3 axb3 0-1

[Event "elllobregat Open-A 2019"]
[Site "El Prat de Llobregat"]
[Date "2019.12.08"]
[Round "6.12"]
[White "Girish, A. Koushik"]
[Black "Bryakin, Mikhail"]
[Result "1/2-1/2"]
[ECO "A06"]
[WhiteElo "2506"]
[BlackElo "2428"]
[Annotator "ChessBase"]
[PlyCount "74"]
[EventDate "2019.12.03"]
[EventType "swiss"]
[EventCountry "ESP"]
[SourceTitle "playchess.com"]
[Source "ChessBase"]
[SourceQuality "1"]
[TimeControl "40/5400+30:1800+30"]

1. Nf3 d5 2. c4 c6 3. e3 Nf6 4. Nc3 a6 5. a4 a5 6. cxd5 cxd5 7. Bb5+ Nc6 8. Ne5 Bd7 9. Nxd7 Qxd7 10. O-O e6 11. d4 Bb4 12. Na2 Bd6 13. Bd2 O-O 14. Nc1 Qc7 15. h3 Qb6 16. Nb3 Rfc8 17. Qe2 Ne4 18. Rfc1 Nxd2 19. Qxd2 Bb4 20. Qd1 Ne7 21. Rxc8+ Rxc8 22. Rc1 g6 23. Rc2 Rxc2 24. Qxc2 Qd8 25. Nc1 Qc8 26. Qd1 Bd6 27. Nd3 b6 28. Qd2 Qc7 29. b4 axb4 30. Nxb4 Bxb4 31. Qxb4 Nf5 32. Bd3 Nd6 33. g3 Qc1+ 34. Kg2 Qc7 35. Kg1 Qc1+ 36. Kg2 Qc7 37. Kg1 Qc1+ 1/2-1/2

[Event "elllobregat Open-A 2019"]
[Site "El Prat de Llobregat"]
[Date "2019.12.08"]
[Round "6.13"]
[White "Iniyan, P."]
[Black "Jerez Perez, Alfonso"]
[Result "1-0"]
[ECO "D70"]
[WhiteElo "2497"]
[BlackElo "2369"]
[Annotator "ChessBase"]
[PlyCount "79"]
[EventDate "2019.12.03"]
[EventType "swiss"]
[EventCountry "ESP"]
[SourceTitle "playchess.com"]
[Source "ChessBase"]
[SourceQuality "1"]
[TimeControl "40/5400+30:1800+30"]

1. d4 Nf6 2. c4 g6 3. f3 d5 4. cxd5 Nxd5 5. e4 Nb6 6. Nc3 Bg7 7. Be3 O-O 8. Qd2 e5 9. d5 c6 10. h4 cxd5 11. exd5 N8d7 12. h5 Nf6 13. hxg6 fxg6 14. O-O-O Bd7 15. Kb1 Rc8 16. Ka1 Na4 17. Nge2 e4 18. Bd4 exf3 19. gxf3 Qa5 20. Nxa4 Qxd2 21. Rxd2 Bxa4 22. Bh3 Rcd8 23. Nf4 Bd7 24. Be6+ Bxe6 25. Nxe6 Rxd5 26. Nxf8 Bxf8 27. Rhd1 Rf5 28. Bxa7 Rxf3 29. Rd8 h5 30. Rb8 h4 31. Rxb7 h3 32. a4 Rf4 33. b3 h2 34. Rh1 Ng4 35. a5 Bg7+ 36. Kb1 Re4 37. a6 Re2 38. Rxg7+ Kxg7 39. Bd4+ Kf7 40. Rf1+ 1-0

[Event "elllobregat Open-A 2019"]
[Site "El Prat de Llobregat"]
[Date "2019.12.08"]
[Round "6.14"]
[White "Erenberg, Ariel"]
[Black "Low, Zhen Yu Cyrus"]
[Result "1/2-1/2"]
[ECO "A15"]
[WhiteElo "2479"]
[BlackElo "2420"]
[Annotator "ChessBase"]
[PlyCount "38"]
[EventDate "2019.12.03"]
[EventType "swiss"]
[EventCountry "ESP"]
[SourceTitle "playchess.com"]
[Source "ChessBase"]
[SourceQuality "1"]
[TimeControl "40/5400+30:1800+30"]

1. c4 Nf6 2. Nf3 g6 3. Nc3 d5 4. cxd5 Nxd5 5. Qb3 Nb6 6. d4 Bg7 7. Bf4 Be6 8. Qa3 Nc6 9. e3 a5 10. Bb5 O-O 11. Bxc6 bxc6 12. O-O Nc4 13. Qc5 Nxb2 14. Qxc6 Nd3 15. Bg3 Nb4 16. Qc5 Na6 17. Qc6 Nb4 18. Qc5 Na6 19. Qc6 Nb4 1/2-1/2

[Event "elllobregat Open-A 2019"]
[Site "El Prat de Llobregat"]
[Date "2019.12.08"]
[Round "6.15"]
[White "Perez Mitjans, Orelvis"]
[Black "Rathanvel, V S"]
[Result "1/2-1/2"]
[ECO "B51"]
[WhiteElo "2412"]
[BlackElo "2410"]
[Annotator "NA"]
[PlyCount "46"]
[EventDate "2019.12.03"]
[EventType "swiss"]
[EventCountry "ESP"]
[SourceTitle "playchess.com"]
[Source "ChessBase"]
[SourceQuality "1"]
[TimeControl "40/5400+30:1800+30"]

1. e4 c5 2. Nf3 d6 3. Bb5+ Nd7 4. d4 cxd4 5. Qxd4 a6 6. Bxd7+ Bxd7 7. Nc3 e5 8. Qd3 h6 9. Nd2 Rc8 10. O-O Qc7 11. a4 Nf6 12. Rd1 Bg4 13. f3 Be6 14. Nf1 Be7 15. Ne3 O-O 16. Bd2 Rfd8 17. Kh1 d5 18. exd5 Bb4 19. Qe2 Bxc3 20. Bxc3 Nxd5 21. Nxd5 Rxd5 22. Rxd5 Bxd5 23. Rd1 Bc6 1/2-1/2

[Event "elllobregat Open-A 2019"]
[Site "El Prat de Llobregat"]
[Date "2019.12.08"]
[Round "6.16"]
[White "Karthikeyan, Murali"]
[Black "Cruz, Filemon"]
[Result "1/2-1/2"]
[ECO "B18"]
[WhiteElo "2611"]
[BlackElo "2329"]
[Annotator "ChessBase"]
[PlyCount "66"]
[EventDate "2019.12.03"]
[EventType "swiss"]
[EventCountry "ESP"]
[SourceTitle "playchess.com"]
[Source "ChessBase"]
[SourceQuality "1"]
[TimeControl "40/5400+30:1800+30"]

1. e4 c6 2. d4 d5 3. Nc3 dxe4 4. Nxe4 Bf5 5. Ng3 Bg6 6. h4 h6 7. Nh3 Nf6 8. Nf4 Bh7 9. Bc4 e6 10. c3 Bd6 11. Nfh5 O-O 12. Bd3 Bxd3 13. Qxd3 Nbd7 14. Bd2 Bxg3 15. Nxg3 c5 16. O-O-O Rc8 17. Kb1 Qc7 18. Bg5 Qc6 19. f3 b5 20. dxc5 Nxc5 21. Qd4 Ncd7 22. Bc1 a5 23. Qd6 Qb7 24. a3 Rc6 25. Qd4 Rc4 26. Qd3 Qc7 27. Qd6 Qb7 28. Qd3 Rfc8 29. Ne4 Nxe4 30. Qxd7 R4c7 31. Qd4 Rc4 32. Qd7 R4c7 33. Qd4 Rc4 1/2-1/2